 Dungeon Crawl Stone Soup version 0.24-a0-441-g27f0392e16 (webtiles) character file.

Game seed: 516726632736937116

165 KristoblXynda the Slasher (level 5, 0/45 HPs)
             Began as a Draconian Gladiator on June 20, 2019.
             Was an Initiate of Fedhas.
             Slain by an orc
             ... wielding a +0 short sword
              (7 damage)
             ... on level 4 of the Dungeon.
             The game lasted 00:02:46 (3153 turns).

KristoblXynda the Slasher (Draconian Gladiator)     Turns: 3153, Time: 00:02:47

Health: 0/45       AC:  5    Str: 16    XL:     5   Next: 22%
Magic:  5/5        EV: 13    Int: 10    God:    Fedhas [......]
Gold:   137        SH:  4    Dex: 12    Spells: 4/4 levels left

rFire    . . .     SeeInvis .   a - +1 long sword
rCold    . . .     Gourm    .   i - +0 buckler
rNeg     . . .     Faith    .   (armour unavailable)
rPois    .         Spirit   .   b - +0 hat
rElec    .         Reflect  .   (no cloak)
rCorr    .         Harm     .   (no gloves)
MR       .....                  (no boots)
Stlth    ..........             (no amulet)
HPRegen  0.15/turn              n - ring of attention (curse)
MPRegen  0.09/turn              (no ring)

@: no status effects
A: unfitting armour, cold-blooded, AC +5
a: Fungal Bloom, Renounce Religion


You were on level 4 of the Dungeon.
You worshipped Fedhas.
Fedhas was noncommittal.
You were not hungry.

You visited 1 branch of the dungeon, and saw 4 of its levels.

You collected 137 gold pieces.

Inventory:

Hand Weapons
 a - a +1 long sword (weapon)
Missiles
 c - 3 throwing nets (quivered)
Armour
 b - a +0 hat (worn)
 i - a +0 buckler (worn)
Jewellery
 n - a cursed ring of attention (left hand)
Scrolls
 e - a scroll of teleportation {unknown}
 f - a scroll of magic mapping
 g - 3 scrolls of fog {unknown}
 h - a scroll of enchant weapon
 m - a scroll of noise {unknown}
 p - a scroll of random uselessness {unknown}
 q - 2 scrolls of remove curse {unknown}
 s - a scroll of fear {unknown}
Potions
 j - 2 potions of agility {unknown}
 k - a potion of lignification {unknown}
 l - a potion of flight {unknown}
 o - 2 potions of haste {unknown}
 r - a potion of mutation {unknown}
Comestibles
 d - 5 rations


   Skills:
 + Level 3.3 Fighting
 + Level 4.2 Long Blades
 - Level 2.0 Throwing
 + Level 3.4 Dodging
 + Level 1.5 Shields
 + Level 0.9 Invocations


You had 4 spell levels left.
You didn't know any spells.
Your spell library was empty.

Dungeon Overview and Level Annotations

Branches:
Dungeon (4/15)
 Temple: D:4-7

Altars:
Fedhas


Innate Abilities, Weirdness & Mutations

Your plain brown scales are hard. (AC +5)
You cannot fit into any form of body armour.
You are cold-blooded and may be slowed by cold attacks.


Message History

You see here a ball python corpse.
You slash the orc!
You kill the orc!
You block the orc's attack.
You hit the orc but do no damage. The orc misses you.
The orc barely misses you. The orc completely misses you.
You barely miss the orc. The orc closely misses you.
You riposte.
You hit the orc but do no damage. The orc hits you with a +0 short sword.
* * * LOW HITPOINT WARNING * * *
You barely miss the orc. The orc closely misses you.
The orc hits you but does no damage. The orc completely misses you.
You completely miss the orc. The orc hits you with a +0 short sword.
* * * LOW HITPOINT WARNING * * *
You hit the orc but do no damage. The orc hits you but does no damage.
You block the orc's attack.
You hit the orc.
Your tail-slap misses the orc.
The orc is heavily wounded.
The orc hits you with a +0 short sword!
You die...
Fedhas appreciates your contribution to the ecosystem.

## .# #. ### #. # #@# #
##. .#. ##o# #. ###..
.... #.o# ##.####....
....###..# ....#.....
#o.....#####. #.....#..
##.......##.. ##.......
#.....#......##........
#..#...###..##.........
....###..##
#............


You could see 2 orcs.

Vanquished Creatures
  A centaur skeleton (D:4)
  A worker ant (D:4)
  5 adders
  2 oozes
  A worm (D:2)
  A dart slug (D:1)
  3 leopard geckos (D:3)
  4 orcs
  2 ball pythons
  6 bats
  2 giant cockroaches
  A goblin (D:2)
  7 hobgoblins
  5 kobolds
  4 quokkas
  4 rats
49 creatures vanquished.

Vanquished Creatures (others)
  3 toadstools (D:4)
3 creatures vanquished.

Grand Total: 52 creatures vanquished

Notes
Turn   | Place    | Note
-------+----------+-------------------------------------------
     0 | D:1      | KristoblXynda the Draconian Gladiator began the quest for
                  | the Orb.
     0 | D:1      | Reached XP level 1. HP: 17/17 MP: 1/1
   120 | D:1      | Reached XP level 2. HP: 25/25 MP: 2/2
   744 | D:2      | Reached XP level 3. HP: 20/30 MP: 3/3
  2108 | D:3      | Reached XP level 4. HP: 35/38 MP: 4/4
  2330 | D:3      | Reached skill level 1 in Shields
  2334 | D:3      | Reached skill level 4 in Long Blades
  2700 | D:3      | Found a blossoming altar of Fedhas.
  2930 | D:3      | Became a worshipper of Fedhas Madash
  3143 | D:4      | Reached XP level 5. HP: 11/45 MP: 5/5
  3153 | D:4      | Slain by an orc

Levels and vault maps discovered:
D:1:      minmay_arrival_plants_in_alcoves, layout_rooms
D:2:      layout_basic, first_ration, minmay_heptomino_d4
D:3:      layout_loops_corners, fedhas_altar_fruit_tree
D:4:      layout_layer_cave, minmay_temple_entry_slanted

Skill      XL: |  1  2  3  4 |
---------------+-------------+-----
Throwing       | 2 |  2.0
Dodging        | 3 |  3.4
Fighting       | 3 |  3.3
Shields        | 1 |  1.5
Long Blades    | 4 |  4.2
Invocations    | |  0.9

Action                   |  1- 3 |  4- 6 || total
-------------------------+-------+-------++-------
Melee: Long sword        |   103 |    44 ||   147
       Tailslap          |    12 |     9 ||    21
Invok: Fungal Bloom      |       |     2 ||     2
  Use: Scroll            |       |     2 ||     2
 Stab: Sleeping          |     1 |       ||     1
  Eat: Chunk             |     2 |     2 ||     4
       Ration            |       |     1 ||     1
Armor: Skin              |    29 |     7 ||    36
Dodge: Dodged            |    73 |    35 ||   108
Block: Buckler           |    15 |     7 ||    22
       Rpst.: Long sword |    17 |    11 ||    28

Table legend:
 A = Non-vault XP
 B = Vault XP
 C = Vault XP percentage of total XP
 D = Non-vault monster count
 E = Vault monster count
 F = Vault count percentage of total count
                 A         B        C        D         E       F
            +---------+---------+-------+---------+---------+-------
      Total |     220 |      17 |   7.2 |      46 |       3 |   6.1
            +---------+---------+-------+---------+---------+-------
        D:1 |      31 |       0 |   0.0 |      13 |       0 |   0.0
        D:2 |      38 |      17 |  30.9 |      13 |       3 |  18.8
        D:3 |      55 |       0 |   0.0 |      13 |       0 |   0.0
        D:4 |      96 |       0 |   0.0 |       7 |       0 |   0.0
            +---------+---------+-------+---------+---------+-------
